Map: Abyssal Reef LE

Players

Dessa

  • Race: Zerg Zerg
  • League: Diamond
  • Spawn Location: 5:00

Listig - Winner!

  • Race: Terran Terran
  • League: Diamond
  • Spawn Location: 11:00

VOD

Have the link to the VOD?

Description

Time

  • Played on: Jan. 15, 2018, 8:47 a.m.
  • Length: 15:35
Show
View Real Time Build Order
Export as new Build Order

Dessa Zerg 

Build Orders: Hatch First 

Get SALT Encoding   

  12  0:01  Drone  
  13  0:13  Overlord  
  13  0:17  Drone  
  14  0:31  Drone x2  
  16  0:36  Drone  
  17  0:54  Hatchery  
  17  0:57  Drone  
  17  0:59  Extractor  
  17  1:01  Drone  
  17  1:19  Spawning Pool  
  17  1:23  Drone  
  17  1:24  Drone  
  18  1:31  Overlord  
  19  1:40  Drone  
  19  1:50  Drone  
  20  2:06  Queen x2  
  20  2:08  Zergling x2  
  25  2:10  Metabolic Boost  
  25  2:15  Drone  
  26  2:22  Baneling Nest  
  26  2:25  Drone  
  26  2:37  Drone  
  26  2:39  Drone x2  
  26  2:41  Overlord  
  29  2:50  Queen  
  31  2:54  Drone  
  32  3:08  Drone  
  32  3:10  Drone  
  34  3:15  Zergling x6  
  34  3:18  Spine Crawler  
  36  3:57  Drone x4  
  36  3:58  Drone  
  36  3:59  Overlord  
  41  4:09  Queen  
  43  4:17  Queen  
  43  4:21  Extractor  
  43  4:22  Extractor  
  44  4:24  Drone x3  
  44  4:25  Drone x3  
  44  4:26  Overlord  
  49  4:43  Extractor  
  48  4:50  Spore Crawler  
  44  5:09  Overlord  
  44  5:20  Lair  
  44  5:22  Drone x4  
  44  5:23  Drone x2  
  44  5:25  Zergling x2  
  49  5:45  Zergling x6  
  49  5:46  Zergling x6  
  55  6:03  Drone x3, Overlord  
  58  6:25  Overlord x2, Spire  
  56  6:37  Spine Crawler  
  56  6:39  Drone x2  
  57  6:40  Spine Crawler  
  48  7:00  Overlord  
  48  7:07  Queen  
  39  7:38  Mutalisk  
  39  7:39  Mutalisk x15  
  73  7:49  Queen  
  73  7:50  Zerg Flyer Weapons Level 1  
  73  8:00  Drone x3, Spine Crawler  
  60  8:31  Mutalisk x2, Hatchery  
  56  8:48  Mutalisk  
  58  9:18  Mutalisk  
  58  9:32  Mutalisk  
  60  9:51  Drone x5  
  65  10:06  Hatchery  
  62  10:48  Mutalisk x4  
  68  11:08  Zergling x4  
  68  11:09  Zergling x12  
  76  11:18  Queen  
  51  11:42  Mutalisk  
  51  11:43  Mutalisk  
  55  11:53  Drone x3  
  57  12:11  Drone  
  52  12:25  Spine Crawler  
  52  12:27  Spine Crawler  
  50  12:41  Mutalisk x3  
  56  12:52  Drone x4  
  60  12:58  Extractor  
  59  13:17  Overlord  
  59  13:20  Drone x3  
  59  13:21  Drone x4  
  42  14:30  Mutalisk x5  
  48  14:35  Drone  
  48  14:37  Drone x4  
  53  14:47  Mutalisk  
  53  14:48  Queen  
  57  15:08  Drone x3  
  60  15:20  Hatchery  
Show
View Real Time Build Order
Export as new Build Order

Listig Terran - Winner!

Build Orders:  

Get SALT Encoding   

  12  0:01  SCV  
  13  0:13  SCV  
  14  0:17  Supply Depot  
  14  0:25  SCV  
  15  0:39  SCV  
  15  0:40  Barracks  
  16  0:45  Refinery  
  16  0:51  SCV  
  17  1:03  SCV  
  18  1:15  SCV  
  19  1:23  Refinery  
  19  1:29  Supply Depot  
  19  1:32  Orbital Command  
  19  1:57  Command Center  
  19  2:02  SCV  
  20  2:12  Factory  
  20  2:17  SCV  
  20  2:19  Marine  
  22  2:27  Engineering Bay  
  22  2:31  SCV  
  23  2:43  SCV  
  24  2:45  Marine  
  25  2:55  Factory Tech Lab  
  25  3:02  Factory  
  25  3:03  Marine  
  26  3:16  Siege Tank  
  29  3:48  Siege Tank  
  32  4:10  Hellion  
  32  4:13  Planetary Fortress  
  34  4:20  Siege Tank  
  37  4:25  SCV  
  38  4:35  Command Center  
  38  4:37  SCV  
  39  4:45  Missile Turret  
  39  4:52  Siege Tank  
  36  5:11  Hellion  
  38  5:14  SCV  
  39  5:24  Siege Tank  
  39  5:26  SCV  
  42  5:46  Hellion  
  44  5:52  SCV  
  44  5:54  Orbital Command  
  44  5:56  SCV, Siege Tank  
  49  6:04  SCV  
  49  6:08  Hellion, SCV  
  53  6:16  SCV  
  53  6:17  Orbital Command  
  54  6:28  Siege Tank  
  54  6:29  SCV, Hellion  
  54  6:30  Missile Turret  
  54  6:31  Missile Turret  
  60  6:38  SCV  
  61  6:51  Bunker, SCV, Hellion  
  61  6:59  Supply Depot  
  61  7:21  SCV, Hellion, Siege Tank  
  63  7:33  Missile Turret  
  63  7:42  Hellion  
  65  7:53  Siege Tank, Missile Turret  
  65  7:57  Hi-Sec Auto Tracking, Missile Turret  
  65  7:58  Missile Turret  
  68  8:00  Missile Turret  
  68  8:01  Missile Turret x2  
  68  8:02  SCV, Missile Turret  
  69  8:07  SCV, Supply Depot  
  69  8:09  Hellion  
  69  8:11  SCV  
  69  8:14  SCV  
  69  8:19  SCV  
  65  8:23  SCV  
  65  8:25  Siege Tank  
  69  8:29  SCV  
  69  8:31  SCV, Missile Turret  
  71  8:35  SCV  
  69  8:41  SCV  
  69  8:47  SCV  
  65  8:51  Missile Turret  
  65  8:56  SCV x2, Armory  
  65  8:57  Siege Tank  
  65  8:58  Refinery  
  65  8:59  SCV  
  65  9:00  Refinery  
  71  9:03  Command Center  
  71  9:05  Missile Turret  
  63  9:10  Missile Turret  
  63  9:11  SCV  
  63  9:15  Missile Turret  
  58  9:25  SCV x2  
  60  9:33  Missile Turret  
  60  9:37  SCV  
  61  9:39  Factory  
  61  9:45  SCV  
  61  9:48  Factory Tech Lab, Thor  
  61  9:50  Terran Vehicle Weapons Level 1  
  67  9:57  SCV  
  67  9:59  Supply Depot  
  68  10:02  Supply Depot  
  68  10:03  SCV x2, Supply Depot  
  68  10:04  Supply Depot  
  68  10:05  Marine  
  71  10:08  Supply Depot  
  71  10:13  Missile Turret  
  67  10:14  Missile Turret  
  67  10:20  Missile Turret  
  67  10:21  Missile Turret  
  65  10:23  Marine  
  64  10:34  Command Center  
  63  10:35  Missile Turret  
  54  10:55  Missile Turret  
  53  11:00  Command Center  
  47  11:27  Thor  
  47  11:29  Hellion  
  54  11:39  Missile Turret  
  51  11:45  SCV  
  52  11:48  Terran Vehicle And Ship Armor Level 1  
  54  11:57  Factory Tech Lab  
  43  12:38  SCV  
  43  12:41  Factory x2  
  43  12:42  Factory x2  
  44  12:44  Thor  
  44  12:50  SCV, Missile Turret  
  50  12:52  Missile Turret  
  50  12:54  Missile Turret  
  50  12:55  Missile Turret  
  50  13:03  SCV  
  50  13:05  Planetary Fortress  
  51  13:15  SCV  
  51  13:18  Refinery  
  51  13:19  Refinery  
  52  13:20  Missile Turret  
  52  13:27  Missile Turret  
  48  13:41  Missile Turret  
  47  13:56  SCV  
  47  13:57  SCV  
  47  14:00  Factory Tech Lab x2  
  49  14:08  SCV, Factory Tech Lab  
  49  14:09  SCV  
  51  14:20  SCV  
  46  14:24  Thor  
  46  14:29  Hellion  
  48  14:32  SCV  
  49  14:39  SCV  
  49  14:44  SCV  
  51  14:56  SCV  
  58  15:08  SCV  
  58  15:13  SCV  
  72  15:20  SCV  
Tags
 
Matchup
TvZ
Replay Pack
2017S4
Spawn Locations
Cross Positions
Add a new tag
Caveats
  • Supply blocks, unpowered buildings, or Contaminate may cause inaccurate times.
  • Supply counts are checked every 10 seconds.